 Dungeon Crawl Stone Soup version 0.31-a0-214-gb37851dbb3 (webtiles) character file.

Game seed: 12732227665250273009

4840 qw the Cleaver (level 10, -4/63 HPs)
             Began as a Gargoyle Fighter on July 1, 2023.
             Was a Believer of Okawaru.
             Slain by a death yak (9 damage)
             ... on level 8 of the Dungeon.
             The game lasted 00:04:33 (7271 turns).

qw the Cleaver (Gargoyle Fighter)                   Turns: 7271, Time: 00:04:33

Health: -4/63      AC: 21    Str: 24    XL:     10   Next: 49%
Magic:  12/13      EV: 10    Int:  9    God:    Okawaru [**....]
Gold:   427        SH: 12    Dex:  9    Spells: 9/9 levels left

rFire   + . .        Y - +4 war axe
rCold   . . .        t - +0 kite shield
rNeg    + . .        l - +0 chain mail
rPois   inf          (no helmet)
rElec   +            (no cloak)
rCorr   .            n - +0 pair of gloves
SInv    .            h - +0 pair of boots
Will    .....        r - amulet of faith Stlth
                     m - ring of protection from fire
HPRegen 0.30/turn    (no ring)
MPRegen 0.13/turn

%: faith
@: about to teleport, heroic
A: sickness immunity, AC +7, negative energy resistance 1, electricity
resistance, torment resistance 1, petrification resistance
a: Renounce Religion, Heroism


You were on level 8 of the Dungeon.
You worshipped Okawaru.
Okawaru was pleased with you.
You visited 2 branches of the dungeon, and saw 9 of its levels.
You also visited: Sewer and Ossuary.

You collected 577 gold pieces.
You spent 150 gold pieces at shops.


Innate Abilities, Weirdness & Mutations

You are immune to sickness and miasma.
Your stone body is resilient. (AC +7)
You are immune to poison.
You resist negative energy. (rN+)
You are resistant to electric shocks. (rElec)
You are resistant to unholy torment.
You are immune to petrification.


   Skills:
 - Level 7.1(12.1) Fighting
 + Level 9.2(14.2) Axes
 - Level 2.0(7.0) Throwing
 - Level 5.1(10.1) Armour
 - Level 2.0(7.0) Dodging
 - Level 9.0(14.0) Shields
 - Level 4.0 Invocations


You had 9 spell levels left.
You didn't know any spells.
Your spell library was empty.

Inventory:

Hand Weapons
 o - a +0 morningstar
 Y - a +4 war axe (weapon)
Armour
 h - a +0 pair of boots (worn)
 l - a +0 chain mail (worn)
 n - a +0 pair of gloves (worn)
 t - a +0 kite shield (worn)
Jewellery
 f - a ring of fire
 m - a ring of protection from fire (left hand)
 r - an amulet of faith (around neck)
 w - an amulet of reflection
Wands
 c - a wand of digging (3)
Scrolls
 a - 5 scrolls of identify
 b - 7 scrolls of teleportation
Potions
 d - 4 potions of might
 e - 4 potions of mutation
 g - 4 potions of magic
 i - 2 potions of enlightenment
 j - 2 potions of heal wounds
 k - 4 potions of curing
 p - 5 potions of haste
 q - a potion of cancellation
 s - a potion of resistance

Dungeon Overview and Level Annotations

Branches:
Dungeon (8/15)             Temple (1/1) D:6            Lair (0/5) D:8
  Sewer (visited)         Ossuary (visited)

Altars:
Ashenzari
Cheibriados
Dithmenos
Elyvilon
Fedhas
Gozag
Hepliaklqana
Kikubaaqudgha
Makhleb
Nemelex Xobeh
Okawaru
Qazlal
Ru
Trog
Uskayaw
Vehumet
Wu Jian
Xom
Zin
The Shining One

Shops:
D:4 ?

Annotations:
D:4 3 runed translucent doors, qw's ghost, amateur DEHu
D:7 3 runed translucent doors, qw's ghost, novice GrFi


Message History

A wight comes into view. It is wielding a +2 spear.
A death yak comes into view.
Your base Shields skill increases to level 9!
7261 ||| Stepping ~*~*~tactically~*~*~ (stealth).
You barely miss the death yak. You block the death yak's attack.
You hit the death yak but do no damage. You block the death yak's attack.
You barely miss the death yak. You block the death yak's attack.
You hit the death yak.
The death yak is lightly wounded.
You block the death yak's attack.
You hit the death yak.
The death yak is lightly wounded.
You block the death yak's attack.
You hit the death yak but do no damage.
The death yak is lightly wounded.
You hit the death yak but do no damage. You slash the wight!
You destroy the wight!
Okawaru accepts your kill.
You completely miss the death yak.
The death yak is lightly wounded.
You hit the death yak.
The wight hits you from afar with a +2 spear.
The death yak barely misses you. The death yak gores you!
You slice the death yak!!
The death yak is moderately wounded.
You hit the death yak.
The wight hits you from afar with a +2 spear.
The death yak closely misses you. The death yak gores you!
You slash the death yak!
The death yak is heavily wounded.
You hit the death yak but do no damage. You block the wight's attack.
The death yak gores you! x2
7271 ||| READING 8 scrolls of teleportation.
As you read the scroll of teleportation, it crumbles to dust.
You feel strangely unstable. You block the wight's attack.
The death yak gores you!
You die...

#.#.....[.####
#............#
#####.#.....###..###
............# #....
#####.##....###...
#.##.#.#.(.#.#
#####.##.#.#...#.## ##.##
.........#..[.....#.../).
#####.######....@)z......
#..%.....(#YYY.......
########%............
........#..##.>
#.........#.... .
#..........#....#
##...##....# ..... ##.#
##....#.#... #. .####


You could see 3 death yaks and a wight.

Vanquished Creatures
  Prince Ribbit (D:8)
  Eustachio (D:6)
  3 water moccasins
  2 black bears
  3 ice beasts
  3 ogres
  A sky beast (D:7)
  6 centaurs
  2 phantoms
  3 kobold brigands
  5 bullfrogs
  2 scorpions
  3 gnoll sergeants
  6 wights
  4 howler monkeys
  10 hounds
  5 centaur zombies (Ossuary)
  A jelly (D:6)
  3 orc priests (D:7)
  2 sleepcaps
  Jessica (D:2)
  5 iguanas
  7 orc wizards
  4 mummies (Ossuary)
  8 gnolls
  5 river rats
  15 adders
  A shadow imp (D:7)
  2 white imps
  An ufetubus (D:5)
  3 worms
  A dart slug (D:2)
  30 orcs
  8 endoplasms
  A giant cockroach (D:2)
  8 goblins
  13 hobgoblins
  12 jackals
  13 kobolds
  6 quokkas
  12 ball pythons
  8 bats
  7 frilled lizards
  2 hobgoblin zombies (Ossuary)
  34 rats
273 creatures vanquished.

Notes
Turn   | Place    | Note
-------+----------+-------------------------------------------
     0 | D:1      | qw the Gargoyle Fighter began the quest for the Orb.
     0 | D:1      | Reached XP level 1. HP: 14/14 MP: 1/1
     0 | D:1      | 0 ||| qw: Version: 0.3-a-32-g5962c71
     0 | D:1      | 0 ||| qw: Game counter: 7417
     0 | D:1      | 0 ||| qw: Melee chars always use a shield: true
     0 | D:1      | 0 ||| qw: God list: Okawaru
     0 | D:1      | 0 ||| qw: Allow faded altars: false
     0 | D:1      | 0 ||| qw: Do Orc after clearing Dungeon:15 true
     0 | D:1      | 0 ||| qw: Do second Lair branch before Depths: true
     0 | D:1      | 0 ||| qw: Lair rune preference: random
     0 | D:1      | 0 ||| qw: Goals: Normal, Zot:1-4, Slime:5, God:TSO, Crypt,
                  | Tomb, Abyss, Pan, Hells, Win
     0 | D:1      | 0 ||| PLANNING D:1-11
    15 | D:1      | 15 ||| Stepping ~*~*~tactically~*~*~ (hiding).
    17 | D:1      | 17 ||| Stepping ~*~*~tactically~*~*~ (hiding).
   162 | D:1      | Reached XP level 2. HP: 19/19 MP: 2/2
   465 | D:1      | Reached skill level 3 in Axes
   539 | D:1      | 539 ||| READING 5 scrolls labelled POR BIFROGIDEON.
   540 | D:1      | 540 ||| READING scroll labelled XARIED JOFUO.
   541 | D:1      | 541 ||| READING scroll labelled PUHUOKKISH.
   542 | D:1      | 542 ||| READING scroll labelled LABYBL VUAGIM.
   543 | D:1      | 543 ||| READING scroll labelled TUKHLA QISCH.
   544 | D:1      | 544 ||| READING 4 scrolls of identify.
   544 | D:1      | 544 ||| IDENTIFYING fuming puce potion
   571 | D:2      | Reached XP level 3. HP: 23/23 MP: 3/3
   595 | D:2      | Noticed Jessica
   599 | D:2      | Killed Jessica
   676 | D:2      | 676 ||| Stepping ~*~*~tactically~*~*~ (hiding).
   677 | D:2      | 677 ||| Stepping ~*~*~tactically~*~*~ (hiding).
   773 | D:2      | 773 ||| DROPPING +0 club.
   785 | D:2      | Reached XP level 4. HP: 27/28 MP: 4/4
  1204 | D:2      | 1204 ||| Stepping ~*~*~tactically~*~*~ (hiding).
  1210 | D:2      | 1210 ||| Stepping ~*~*~tactically~*~*~ (stealth).
  1272 | D:2      | 1272 ||| Stepping ~*~*~tactically~*~*~ (stealth).
  1488 | D:2      | 1488 ||| DROPPING scarf of invisibility.
  1489 | D:2      | 1489 ||| UPGRADING to +0 pair of gloves.
  1494 | D:2      | 1494 ||| UPGRADING to ring of protection from fire.
  1495 | D:2      | 1495 ||| READING scroll labelled ORIPSU VATSOH.
  1496 | D:2      | 1496 ||| READING scroll labelled GAWUGH ZATUM.
  1497 | D:2      | 1497 ||| READING 5 scrolls of identify.
  1497 | D:2      | 1497 ||| IDENTIFYING black potion
  1498 | D:2      | 1498 ||| READING 4 scrolls of identify.
  1498 | D:2      | 1498 ||| IDENTIFYING blue potion
  1499 | D:2      | 1499 ||| DROPPING potion of invisibility.
  1671 | D:3      | 1671 ||| Stepping ~*~*~tactically~*~*~ (hiding).
  1684 | D:3      | Reached XP level 5. HP: 32/32 MP: 5/5
  1685 | D:3      | 1685 ||| Stepping ~*~*~tactically~*~*~ (stealth).
  1696 | D:3      | 1696 ||| DROPPING +0 whip of electrocution.
  1709 | D:3      | Found a blossoming altar of Fedhas.
  1724 | D:3      | 1724 ||| UPGRADING to +0 pair of boots.
  1832 | D:3      | 1832 ||| STAIRDANCE
  1854 | D:2      | 1854 ||| READING 3 scrolls of identify.
  1854 | D:2      | 1854 ||| IDENTIFYING lumpy blue potion
  2142 | D:3      | 2142 ||| Stepping ~*~*~tactically~*~*~ (hiding).
  2143 | D:3      | 2143 ||| Stepping ~*~*~tactically~*~*~ (hiding).
  2150 | D:3      | 2150 ||| Stepping ~*~*~tactically~*~*~ (stealth).
  2279 | D:3      | Noticed a black bear
  2290 | D:3      | Killed a black bear
  2291 | D:3      | Reached XP level 6. HP: 37/38 MP: 6/6
  2451 | D:3      | 2451 ||| UPGRADING to +0 chain mail.
  2461 | D:3      | 2461 ||| DROPPING +0 scale mail.
  2462 | D:3      | 2462 ||| READING scroll labelled ROMO DOCUSO.
  2529 | D:4      | Found a runed translucent gate.
  2545 | D:4      | Found a runed translucent gate.
  2545 | D:4      | Found an opulent altar of Gozag.
  2547 | D:4      | Found a runed translucent gate.
  2695 | D:4      | Noticed a black bear
  2711 | D:4      | Killed a black bear
  2715 | D:4      | 2715 ||| FLEEEEING.
  2716 | D:4      | 2716 ||| FLEEEEING.
  2717 | D:4      | 2717 ||| FLEEEEING.
  2718 | D:4      | 2718 ||| FLEEEEING.
  2723 | D:4      | 2723 ||| STAIRDANCE
  2743 | D:3      | 2743 ||| READING 6 scrolls of identify.
  2743 | D:3      | 2743 ||| IDENTIFYING inky potion
  2744 | D:3      | 2744 ||| DROPPING potion of brilliance.
  2764 | D:4      | 2764 ||| Stepping ~*~*~tactically~*~*~ (stealth).
  2772 | D:4      | 2772 ||| Stepping ~*~*~tactically~*~*~ (stealth).
  2820 | D:4      | Found Abaihi's Magic Scroll Shop.
  2827 | D:4      | 2827 ||| BUYING scroll of enchant weapon (90 gold).
  2827 | D:4      | Bought a scroll of enchant weapon for 90 gold pieces
  2827 | D:4      | 2827 ||| BUYING scroll of identify (24 gold).
  2827 | D:4      | Bought a scroll of identify for 24 gold pieces
  2827 | D:4      | 2827 ||| BUYING scroll of teleportation (36 gold).
  2827 | D:4      | Bought a scroll of teleportation for 36 gold pieces
  2832 | D:4      | 2832 ||| READING scroll of enchant weapon.
  2832 | D:4      | 2832 ||| ENCHANTING +1 war axe.
  2869 | D:4      | Reached XP level 7. HP: 43/43 MP: 7/7
  2878 | D:4      | Noticed qw's ghost (amateur DEHu)
  2911 | D:4      | 2911 ||| DROPPING +0 flail.
  2993 | D:4      | 2993 ||| READING scroll labelled ZUG SUCESTRATEU.
  3011 | D:5      | Entered Level 5 of the Dungeon
  3012 | D:5      | 3012 ||| PLANNING OSSUARY
  3025 | D:5      | 3025 ||| Stepping ~*~*~tactically~*~*~ (stealth).
  3033 | D:5      | Reached skill level 6 in Axes
  3039 | D:5      | 3039 ||| FLEEEEING.
  3040 | D:5      | 3040 ||| FLEEEEING.
  3044 | D:5      | 3044 ||| STAIRDANCE
  3165 | D:5      | Found a radiant altar of Vehumet.
  3323 | D:5      | Found a sand-covered staircase.
  3324 | D:5      | 3324 ||| READING 8 scrolls of identify.
  3324 | D:5      | 3324 ||| IDENTIFYING dark potion
  3325 | D:5      | 3325 ||| READING 7 scrolls of identify.
  3325 | D:5      | 3325 ||| IDENTIFYING fuming purple potion
  3326 | D:5      | 3326 ||| READING 6 scrolls of identify.
  3326 | D:5      | 3326 ||| IDENTIFYING lumpy ruby potion
  3333 | Ossuary  | Entered an ossuary
  3387 | Ossuary  | 3387 ||| FLEEEEING.
  3406 | Ossuary  | Reached XP level 8. HP: 34/49 MP: 8/8
  3626 | Ossuary  | 3626 ||| READING 5 scrolls of identify.
  3626 | Ossuary  | 3626 ||| IDENTIFYING orange potion
  3635 | D:5      | 3635 ||| PLANNING D:1-11
  3702 | D:5      | Found a sacrificial altar of Ru.
  3769 | D:5      | 3769 ||| READING scroll of enchant weapon.
  3769 | D:5      | 3769 ||| ENCHANTING +2 war axe.
  3858 | D:5      | 3858 ||| Stepping ~*~*~tactically~*~*~ (hiding).
  3899 | D:5      | 3899 ||| FLEEEEING.
  3902 | D:5      | 3902 ||| FLEEEEING.
  3903 | D:5      | 3903 ||| FLEEEEING.
  3905 | D:5      | 3905 ||| STAIRDANCE
  3945 | D:4      | 3945 ||| UPGRADING to amulet of faith.
  4126 | D:6      | 4126 ||| PLANNING SEWER
  4192 | D:6      | Found a staircase to the Ecumenical Temple.
  4232 | D:6      | Found a glowing drain.
  4259 | Sewer    | Entered a sewer
  4281 | Sewer    | 4281 ||| Stepping ~*~*~tactically~*~*~ (water).
  4342 | Sewer    | 4342 ||| Stepping ~*~*~tactically~*~*~ (water).
  4356 | Sewer    | 4356 ||| Stepping ~*~*~tactically~*~*~ (stealth).
  4464 | Sewer    | 4464 ||| Stepping ~*~*~tactically~*~*~ (water).
  4473 | Sewer    | Reached skill level 6 in Fighting
  4583 | Sewer    | 4583 ||| READING scroll of enchant weapon.
  4583 | Sewer    | 4583 ||| ENCHANTING +3 war axe.
  4586 | Sewer    | 4586 ||| READING 6 scrolls of identify.
  4586 | Sewer    | 4586 ||| IDENTIFYING fuming coppery potion
  4590 | D:6      | 4590 ||| PLANNING TEMPLE
  4609 | Temple   | Entered the Ecumenical Temple
  4613 | Temple   | 4613 ||| PLANNING OKAWARU WORSHIP
  4714 | Temple   | Became a worshipper of Warmaster Okawaru
  4715 | Temple   | 4715 ||| PLANNING D:1-11
  4758 | D:6      | Noticed Eustachio
  4786 | D:6      | Killed Eustachio
  4787 | D:6      | Reached XP level 9. HP: 55/55 MP: 9/9
  4832 | D:6      | Reached skill level 9 in Axes
  4854 | D:6      | Reached * piety under Okawaru
  4855 | D:6      | 4855 ||| INVOKING Heroism.
  4858 | D:6      | Reached skill level 1 in Invocations
  5156 | D:6      | 5156 ||| Stepping ~*~*~tactically~*~*~ (hiding).
  5267 | D:6      | 5267 ||| Stepping ~*~*~tactically~*~*~ (hiding).
  5268 | D:6      | 5268 ||| Stepping ~*~*~tactically~*~*~ (hiding).
  5313 | D:6      | 5313 ||| INVOKING Heroism.
  5318 | D:6      | Reached skill level 3 in Invocations
  5322 | D:6      | 5322 ||| Stepping ~*~*~tactically~*~*~ (stealth).
  5325 | D:6      | 5325 ||| FLEEEEING.
  5326 | D:6      | 5326 ||| FLEEEEING.
  5327 | D:6      | 5327 ||| FLEEEEING.
  5328 | D:6      | 5328 ||| FLEEEEING.
  5329 | D:6      | 5329 ||| FLEEEEING.
  5330 | D:6      | 5330 ||| Stepping ~*~*~tactically~*~*~ (hiding).
  5331 | D:6      | 5331 ||| Stepping ~*~*~tactically~*~*~ (hiding).
  5333 | D:6      | 5333 ||| Stepping ~*~*~tactically~*~*~ (hiding).
  5334 | D:6      | 5334 ||| Stepping ~*~*~tactically~*~*~ (hiding).
  5335 | D:6      | 5335 ||| Stepping ~*~*~tactically~*~*~ (hiding).
  5336 | D:6      | 5336 ||| Stepping ~*~*~tactically~*~*~ (hiding).
  5337 | D:6      | 5337 ||| Stepping ~*~*~tactically~*~*~ (hiding).
  5338 | D:6      | 5338 ||| Stepping ~*~*~tactically~*~*~ (hiding).
  5377 | D:6      | 5377 ||| Stepping ~*~*~tactically~*~*~ (stealth).
  5379 | D:6      | 5379 ||| Stepping ~*~*~tactically~*~*~ (stealth).
  5387 | D:6      | 5387 ||| Stepping ~*~*~tactically~*~*~ (hiding).
  5388 | D:6      | 5388 ||| Stepping ~*~*~tactically~*~*~ (hiding).
  5389 | D:6      | 5389 ||| Stepping ~*~*~tactically~*~*~ (hiding).
  5527 | D:6      | 5527 ||| Stepping ~*~*~tactically~*~*~ (hiding).
  5530 | D:6      | 5530 ||| INVOKING Heroism.
  5542 | D:6      | 5542 ||| Stepping ~*~*~tactically~*~*~ (hiding).
  5543 | D:6      | 5543 ||| Stepping ~*~*~tactically~*~*~ (hiding).
  5544 | D:6      | 5544 ||| Stepping ~*~*~tactically~*~*~ (hiding).
  5545 | D:6      | 5545 ||| Stepping ~*~*~tactically~*~*~ (hiding).
  5633 | D:6      | 5633 ||| INVOKING Heroism.
  5652 | D:6      | Found an ornate altar of the Wu Jian Council.
  5802 | D:6      | 5802 ||| UPGRADING to +0 kite shield.
  5812 | D:6      | 5812 ||| DROPPING +0 buckler.
  5813 | D:6      | 5813 ||| DROPPING amulet of guardian spirit.
  5814 | D:6      | 5814 ||| READING scroll labelled ATUYPILIUK.
  5815 | D:6      | 5815 ||| READING 5 scrolls of identify.
  5815 | D:6      | 5815 ||| IDENTIFYING smoky dark potion
  5816 | D:6      | 5816 ||| DROPPING potion of degeneration.
  5870 | D:7      | 5870 ||| INVOKING Heroism.
  5873 | D:7      | Reached skill level 1 in Throwing
  5980 | D:7      | 5980 ||| Stepping ~*~*~tactically~*~*~ (hiding).
  5998 | D:7      | 5998 ||| Stepping ~*~*~tactically~*~*~ (stealth).
  5999 | D:7      | 5999 ||| Stepping ~*~*~tactically~*~*~ (hiding).
  6009 | D:7      | 6009 ||| INVOKING Heroism.
  6018 | D:7      | 6018 ||| Stepping ~*~*~tactically~*~*~ (stealth).
  6200 | D:7      | Reached skill level 6 in Shields
  6200 | D:7      | Reached XP level 10. HP: 56/63 MP: 13/13
  6246 | D:7      | 6246 ||| Stepping ~*~*~tactically~*~*~ (hiding).
  6253 | D:7      | 6253 ||| DRINKING 3 potions of curing.
  6253 | D:7      | 6253 ||| (to cure confusion)
  6284 | D:7      | Reached ** piety under Okawaru
  6638 | D:7      | Found a runed translucent gate.
  6639 | D:7      | Found a runed translucent gate.
  6640 | D:7      | Found a runed translucent gate.
  6642 | D:7      | Noticed qw's ghost (novice GrFi)
  6655 | D:7      | 6655 ||| Stepping ~*~*~tactically~*~*~ (hiding).
  7125 | D:7      | 7125 ||| READING scroll labelled OGY BOTSEURYPLE.
  7230 | D:8      | Noticed Prince Ribbit
  7231 | D:8      | 7231 ||| Stepping ~*~*~tactically~*~*~ (stealth).
  7244 | D:8      | Killed Prince Ribbit
  7255 | D:8      | Noticed a death yak
  7256 | D:8      | 7256 ||| INVOKING Heroism.
  7259 | D:8      | Found a staircase to the Lair.
  7259 | D:8      | Noticed a death yak
  7260 | D:8      | Noticed a death yak
  7261 | D:8      | Reached skill level 9 in Shields
  7261 | D:8      | 7261 ||| Stepping ~*~*~tactically~*~*~ (stealth).
  7270 | D:8      | HP: 4/63 [death yak (13)]
  7271 | D:8      | 7271 ||| READING 8 scrolls of teleportation.
  7271 | D:8      | Slain by a death yak

Levels and vault maps discovered:
D:1:      heliophobic_arrival_ceremonial_halls, layout_basic, amethyst_killhole
D:2:      layout_basic, grunt_decor_fettered, uniq_jessica
D:3:      layout_basic, amcnicky_altar_gilded, minmay_liquid_box
D:4:      layout_cave_pools, ebering_ghost_gozag, serial_shops, shop
D:5:      layout_basic, nicolae_ru_path_of_blood, mainiacjoe_overflow_paths,
          lightli_ossuary_entry_decrepit_ruins
D:6:      cheibrodos_quashed, layout_gridville, marbit_many_paths,
          minmay_temple_entry_slanted, cheibrodos_sewer_entry_drain,
          minivault_27, nrook_mini_backslash, minmay_increasing_density,
          uniq_eustachio
D:7:      kennysheep_housing_project, layout_loops_ring,
          gammafunk_ghost_necromancy
D:8:      layout_loops_ring, mainiacjoe_overflow_alcove_2, dpeg_lair_monsters,
          serial_shops, nicolae_lakefront_shop, gammafunk_ghost_smash,
          kennysheep_generic_room_16, uniq_prince_ribbit1
Temple:   nicolae_temple_superstar

Skill      XL: |  1  2  3  4  5  6  7  8  9 10 |
---------------+-------------------------------+-----
Axes           | 2 3 4 5 7 8 9 |  9.2
Fighting       | 4 5 6 7 |  7.1
Dodging        | 2 |  2.0
Armour         | 4 5 |  5.1
Shields        | 6 9 |  9.0
Invocations    | 4 |  4.0
Throwing       | 1 2 |  2.0

Action                     |  1- 3 |  4- 6 |  7- 9 | 10-12 || total
---------------------------+-------+-------+-------+-------++-------
  Melee: War axe           |    58 |   180 |   333 |   144 ||   715
  Throw: Javelin           |       |       |    10 |    18 ||    28
 Invoke: Heroism           |       |       |     6 |     1 ||     7
    Use: Scroll            |     6 |     8 |    10 |     2 ||    26
         Potion            |       |       |       |     1 ||     1
 Armour: Scale mail        |    27 |    66 |       |       ||    93
         Chain mail        |       |    46 |   284 |    63 ||   393
  Dodge: Dodged            |    23 |    71 |   153 |    42 ||   289
  Block: Buckler           |     8 |    32 |    91 |       ||   131
         Kite shield       |       |       |    15 |    65 ||    80

Table legend:
 A = Non-vault XP
 B = Vault XP
 C = Vault XP percentage of total XP
 D = Non-vault monster count
 E = Vault monster count
 F = Vault count percentage of total count
                 A         B        C        D         E       F
            +---------+---------+-------+---------+---------+-------
      Total |    3809 |    3106 |  44.9 |     162 |     111 |  40.7
            +---------+---------+-------+---------+---------+-------
        D:1 |      33 |       0 |   0.0 |      20 |       0 |   0.0
        D:2 |     110 |      37 |  25.2 |      26 |       1 |   3.7
        D:3 |     265 |       0 |   0.0 |      27 |       0 |   0.0
        D:4 |     180 |       0 |   0.0 |      21 |       0 |   0.0
        D:5 |     643 |       0 |   0.0 |      20 |       0 |   0.0
        D:6 |     962 |    1092 |  53.2 |      17 |      14 |  45.2
        D:7 |    1057 |    1008 |  48.8 |      23 |      30 |  56.6
        D:8 |     559 |     293 |  34.4 |       8 |       6 |  42.9
      Sewer |       0 |     387 | 100.0 |       0 |      49 | 100.0
    Ossuary |       0 |     289 | 100.0 |       0 |      11 | 100.0
            +---------+---------+-------+---------+---------+-------
